← All builds
Front / Armada / Economy first / OBSERVED BUILD

Standard front

Standard Front economy-first opening with Bot Lab and Vehicle Plant thrown down almost immediately, transitioning into a mixed Blitz/Rocketeer/Pawn/Janus army feeding the middle over the game.

#eco · 995 distinct matches · 134 players · 75% of Armada Front games · team won 63% of 1135 · Recently observed

HOW TO PLAY IT

Key timing: Vehicle Plant by 0:47

  1. Open 3 mex then Bot Lab and Vehicle Plant almost together.
  2. Layer wind while both labs start producing.
  3. Send early units to coast first to stop leaks, not middle.
  4. Add Construction Turrets as "Blitz", "Rocketeer", "Janus" mix builds up.
  5. Transition into Advanced Metal Extractor once T2 con is out.

Phase by phase

TYPICAL OF ITS 995 GAMES
  1. 1
  2. 2
  3. 3
PLAY THE OPENING

Follow the example game's first 6:00 step by step: what to build now, what comes next, and where it goes. At 1× it keeps pace with your own game.

  1. 1

    Up to the Bot Lab

    Economy
    • Metal Extractor2Mex
    • Wind Turbine1Wind
    Order
    1. Bot LabBot Lab after 3 mex, 1 winddone ~0:45, middle half 0:35–8:31

    Some games also: Vehicle Plant (41%)

    By 0:28 in all: 2 mex · 1 wind

    The example game in this phase · 2 steps
    1. Mex ×3
    2. Bot LabBot Labdone 0:48 · typical 0:45
  2. 2

    Bot Lab to 5:00

    Economy
    • Metal Extractor4Mex
    • Wind Turbine3Wind
    Army
    • Sentry1 Sentry

    Some games also: rocketeer (46%) · con bot (44%) · Lazarus (44%) · tick (41%) · centurion (36%)

    By 5:00 in all: 6 mex · 7 wind

    The example game in this phase · 43 steps
    1. Wind
    2. TickTick ×2
    3. Construction BotCon bot
    4. Construction BotCon botfor Geo
    5. Wind
    6. CenturionCenturion
    7. Mex
    8. Wind
    9. CenturionCenturion
    10. Mex
    11. TickTick
    12. Wind
    13. TickTick ×2
    14. LazarusLazarus
    15. Mex
    16. Wind
    17. Construction BotCon botfor Geo
    18. SentrySentry
    19. Construction BotCon bot
    20. Wind
    21. SentrySentry ×2
    22. RocketeerRocketeer
    23. Wind
    24. RocketeerRocketeer
    25. Dragon's TeethDragon's Teeth ×3
    26. RocketeerRocketeer
    27. Dragon's TeethDragon's Teeth ×3
    28. RocketeerRocketeer
    29. Dragon's TeethDragon's Teeth
    30. RocketeerRocketeer
    31. Wind
    32. LazarusLazarus
    33. RocketeerRocketeer
    34. SentrySentry ×2
    35. Wind
    36. RocketeerRocketeer ×4
    37. Wind
    38. LazarusLazarus
    39. RocketeerRocketeer ×2
    40. Wind
    41. RocketeerRocketeer ×3
    42. Wind
    43. RocketeerRocketeer
  3. 3

    5:00 to 10:00

    Economy
    • Metal Extractor1Mex
    • Wind Turbine14Wind
    Builders
    • Construction Turret2 Con turret
    Army
    • Sentry1 Sentry

    Some games also: energy storage (46%) · rocketeer (39%) · blitz (38%) · pawn (36%) · Lazarus (36%)

    By 10:00 in all: 7 mex · 25 wind · 1 energy storage · 3 con turret

    The example game in this phase · 85 steps
    1. RocketeerRocketeer ×2
    2. Wind
    3. RocketeerRocketeer ×2
    4. LazarusLazarus
    5. Wind
    6. RocketeerRocketeer ×2
    7. Wind
    8. RocketeerRocketeer ×3
    9. Wind
    10. RocketeerRocketeer ×3
    11. Wind
    12. CenturionCenturion
    13. SentrySentry
    14. RocketeerRocketeer
    15. SentrySentry
    16. Wind
    17. RocketeerRocketeer
    18. NettleNettle
    19. LazarusLazarus
    20. Wind ×2
    21. Advanced Metal ExtractorT2 mexdone 8:51 · typical 8:53
    22. Wind
    23. NettleNettle
    24. TickTick
    25. Wind
    26. TickTick ×3
    27. Advanced Metal ExtractorT2 mex
    28. TickTick
    29. Wind
    30. TickTick ×3
    31. Wind
    32. TickTick ×2
    33. Dragon's TeethDragon's Teeth ×2
    34. TickTick
    35. Dragon's TeethDragon's Teeth ×2
    36. TickTick
    37. Wind
    38. Advanced Metal ExtractorT2 mex
    39. Dragon's TeethDragon's Teeth ×2
    40. TickTick
    41. Dragon's TeethDragon's Teeth ×3
    42. TickTick
    43. Dragon's TeethDragon's Teeth ×2
    44. TickTick
    45. SentrySentry
    46. TickTick
    47. Wind
    48. TickTick
    49. SentrySentry
    50. TickTick
    51. SentrySentry
    52. TickTick
    53. Wind
    54. TickTick ×2
    55. Advanced Metal ExtractorT2 mex
    56. TickTick ×2
    57. Wind
    58. TickTick ×2
    59. PawnPawn
    60. Wind
    61. PawnPawn
    62. TickTick
    63. Advanced Metal ExtractorT2 mex
    64. Wind
    65. TickTick ×2
    66. LazarusLazarus
    67. SentrySentry
    68. Wind
    69. Dragon's TeethDragon's Teeth
    70. LazarusLazarus
    71. Dragon's TeethDragon's Teeth ×2
    72. LazarusLazarus
    73. Advanced Metal ExtractorT2 mex
    74. LazarusLazarus
    75. PawnPawn ×4
    76. BlitzBlitz
    77. PawnPawn ×2
    78. BlitzBlitz
    79. Construction BotCon bot ×2
    80. PawnPawn
    81. Construction BotCon bot
    82. PawnPawn ×7
    83. LazarusLazarus ×2
    84. Con turret
    85. Advanced Metal ExtractorT2 mex

Counts are medians over the build's games: half of them build more, half fewer. The example game is HuntressesofArtemis's (36 OS, 29/09/2026); pick another.

Team trades

IN AT LEAST 30% OF ITS GAMES

You hand over

Nothing regular.

You get

  • Tidal Generator4 Tidal from Pondfirst at 0:18 · in 68% of games
  • Advanced Construction Bot1 T2 con bot from Geo or Techfirst at 7:18 · in 67% of games

How it plays out

Typical game of this build, running totals by minute

Metal produced

010k20k30k
0:005:0010:0015:00

metal

Enemy metal destroyed

05k10k
0:005:0010:0015:00

metal

Own metal lost

05k10k
0:005:0010:0015:00

metal

1135 games.

Show as table
ByMetal produced: This buildEnemy metal destroyed: This buildOwn metal lost: This build
1:0033300
2:008462131
3:001625141105
4:002716541333
5:0038681199818
6:00507821121522
7:00633029862420
8:00766238713347
9:00908846794310
10:001069553235055
11:001262358215711
12:001484663856524
13:001745070107236
14:002018376238103
15:002272383748946
WHAT THE NUMBERS SAY

Standard Front play wins more often than suicide front and produces more metal by 15:00, reflecting its safer positioning.

  • + Metal produced reaches 22219 by 15:00, above suicide front's 19882
  • + Own losses of 8949 stay under enemy metal destroyed's near-equal 8347
  • − First unit lost by 1:44 shows exposure even from the safer side
  • − Wider gap to defend demands disciplined coast-then-mid unit movement
THE EXAMPLE YOU ARE READING

HuntressesofArtemis

36.0 OS · 29/09/2026

Open source match ↗

5 received units · includes a constructor
252 metal received · 8849 energy received

Allied construction assistance is unknown. Timings are observations, not a promise of solo reproducibility.

Typical milestones

Bot Lab0:45Middle 50%: 0:35–8:31 · n=716
Vehicle Plant0:47Middle 50%: 0:37–0:58 · n=805
Advanced Metal Extractor8:53Middle 50%: 8:02–10:02 · n=910

Played most by

Hummell97games of this buildhaaven93games of this buildLeohvm83games of this buildXad63games of this buildImmort40games of this build